 Dungeon Crawl Stone Soup version 0.23-a0-550-g7de1f8e (webtiles) character file.

18 Lavandula the Sneak (level 2, -2/17 HPs)
             Began as a Halfling Enchanter on Dec 8, 2018.
             Slain by an adder (5 damage)
             ... on level 1 of the Dungeon.
             The game lasted 00:02:27 (448 turns).

Lavandula the Sneak (Halfling Enchanter)             Turns: 448, Time: 00:02:29

Health: -2/17      AC:  2    Str:  9    XL:     2   Next: 90%
Magic:  1/4        EV: 15    Int: 13    God:
Gold:   5          SH:  0    Dex: 14    Spells: 1/4 levels left

rFire    . . .     SeeInvis .   k - +0 dagger (protect)
rCold    . . .     Gourm    .   (shield restricted)
rNeg     . . .     Faith    .   b - +0 robe
rPois    .         Spirit   .   (no helmet)
rElec    .         Reflect  .   (no cloak)
rCorr    .         Harm     .   (no gloves)
MR       .....                  (no boots)
Stlth    ++........             (no amulet)
HPRegen  0.05/turn              (no ring)
MPRegen  0.09/turn              (no ring)

@: very slightly contaminated
A: small, mutation resistance 1
a: no special abilities


You were on level 1 of the Dungeon.
You were not hungry.

You visited 1 branch of the dungeon, and saw 2 of its levels.

You collected 5 gold pieces.

Inventory:

Hand Weapons
 a - a +1 dagger
 f - a +0 hunting sling
 k - a +0 dagger of protection (weapon)
Missiles
 e - 36 stones (quivered)
Armour
 b - a +0 robe (worn)
Scrolls
 c - a scroll of noise {unknown}
 g - 2 scrolls of fear {unknown}
 h - a scroll of identify {unknown}
Potions
 i - a potion of heal wounds {unknown}
 j - a potion of mutation {unknown}
Comestibles
 d - 2 rations


   Skills:
 + Level 3.2 Short Blades
 - Level 2.1 Dodging
 - Level 3.2 Stealth
 - Level 1.5 Spellcasting
 - Level 2.4 Hexes


You had one spell level left.
You knew the following spells:

 Your Spells              Type           Power        Failure   Level  Hunger
a - Corona                Hex            #......      10%         1    ##.....
b - Ensorcelled Hibernat  Hex/Ice        #.....       24%         2    ###....

Your spell library contained the following spells:

 Spells                   Type           Power        Failure   Level  Hunger
 Confuse                  Hex            #.......     30%         3    ####...
 Tukima's Dance           Hex            #.......     30%         3    ####...
 Dazzling Spray           Conj/Hex       #.....       43%         3    ####...


Dungeon Overview and Level Annotations

Branches:
Dungeon (2/15)

Altars:

Annotations:
D:2 Robin


Innate Abilities, Weirdness & Mutations

You are small and have problems with some larger weapons.
You are somewhat resistant to further mutation.


Message History

The adder bites you but does no damage.
Casting: Ensorcelled Hibernation (safe; 24% risk of failure)
Confirm with . or Enter, or press ? or * to list all spells.
Aiming: Ensorcelled Hibernation (safe; 24% risk of failure)
Press: ? - help, Shift-Dir - straight line, f/p - hobgoblin
Aim: a hobgoblin, wielding a +0 club (chance to defeat MR: 53%)
You miscast Ensorcelled Hibernation.
Your hands glow momentarily.
The adder closely misses you.
You see here a dagger.
The adder closely misses you.
You see here a stone.
The adder closely misses you.
You see here a stone.
There is a stone staircase leading up here.
The adder closely misses you.
You climb upwards.
There is a stone staircase leading down here.
The adder barely misses you. The adder bites you.
You die...

#######.. #.......## ###.####
..## . #......# ...#.#
#.#.##.##..#.# #.#.##@.......
#.#.##S.....## ### #.#.##...##.#
##.## #.#.##..(##.# ##...##
#...##>.....#
#.....#####..####..##.###########
.............# #..##.#.#..#.....
#.....######.# ##..##.#.#..#..#..
##..>## #.# #.................


You could see an adder.

Vanquished Creatures
  2 dart slugs (D:1)
  2 giant cockroaches (D:1)
  A ball python (D:2)
  3 bats (D:1)
  A frilled lizard (D:1)
  4 goblins
  3 rats (D:1)
16 creatures vanquished.

Notes
Turn   | Place    | Note
-------+----------+-------------------------------------------
     0 | D:1      | Lavandula the Halfling Enchanter began the quest for the
                  | Orb.
     0 | D:1      | Reached XP level 1. HP: 11/11 MP: 3/3
    73 | D:1      | Reached XP level 2. HP: 17/17 MP: 2/4
   356 | D:2      | Learned a level 2 spell: Ensorcelled Hibernation
   384 | D:2      | Noticed Robin
   448 | D:1      | Slain by an adder

Vault maps used:
D:1:      dpeg_arrival_ternary
D:2:      elyvilon_altar_3, uniq_robin, uniq_natasha

Skill      XL: |  1  2 |
---------------+-------+-----
Short Blades   | 2 3 |  3.2
Dodging        | |  2.1
Stealth        | |  3.2
Spellcasting   | |  1.5
Hexes          | |  2.4

Action                   || total
-------------------------++-------
Melee: Dagger            ||    73
 Fire: Hunting sling     ||     3
 Cast: Corona            ||    10
       Ensorcelled Hiber ||     1
 Stab: Sleeping          ||     3
Armor: Robe              ||    16
Dodge: Dodged            ||    70

Table legend:
 A = Non-vault XP
 B = Vault XP
 C = Vault XP percentage of total XP
 D = Non-vault monster count
 E = Vault monster count
 F = Vault count percentage of total count
                 A         B        C        D         E       F
            +---------+---------+-------+---------+---------+-------
      Total |      27 |       0 |   0.0 |      16 |       0 |   0.0
            +---------+---------+-------+---------+---------+-------
        D:1 |      22 |       0 |   0.0 |      13 |       0 |   0.0
        D:2 |       5 |       0 |   0.0 |       3 |       0 |   0.0
            +---------+---------+-------+---------+---------+-------
